 Dungeon Crawl Stone Soup version 0.28.0 (webtiles) character file.

Game seed: 16290052667059223089

404 themarg the Caller (level 6, -2/32 HPs)
             Began as a Tengu Summoner on Feb 17, 2022.
             Killed by divine providence
             ... invoked by an orc priest
              (15 damage)
             ... on level 4 of the Dungeon.
             The game lasted 00:18:42 (4674 turns).

themarg the Caller (Tengu Summoner)                 Turns: 4674, Time: 00:18:43

Health: -2/32      AC:  2    Str:  8    XL:     6   Next: 86%
Magic:  8/12       EV: 16    Int: 17    God:
Gold:   166        SH:  0    Dex: 15    Spells: 5/12 levels left

rFire   . . .      SeeInvis .   m - +0 spear
rCold   . . .      Faith    .   (no shield)
rNeg    . . .      Spirit   .   a - +0 robe
rPois   .          Reflect  .   (helmet restricted)
rElec   .          Harm     .   (no cloak)
rCorr   .          Rampage  .   (no gloves)
Will    .....                   (boots unavailable)
Stlth   +++.......              (no amulet)
HPRegen 0.10/turn               (no ring)
MPRegen 0.13/turn               (no ring)

@: flying quickly and evasively, quick
A: beak, talons 3, nimble flight
a: no special abilities


You were on level 4 of the Dungeon.
You visited 1 branch of the dungeon, and saw 4 of its levels.

You collected 166 gold pieces.

Inventory:

Hand Weapons
 d - a +0 whip
 e - a +0 falchion
 m - a +0 spear (weapon)
Missiles
 i - 120 stones
Armour
 a - a +0 robe (worn)
Jewellery
 p - a ring of protection from cold
Wands
 q - a wand of iceblast (8)
Scrolls
 b - 3 scrolls of noise {unknown}
 h - 3 scrolls of identify {unknown}
 j - a scroll of torment {unknown}
 k - a scroll of enchant armour {unknown}
 l - a scroll of immolation {unknown}
 n - a scroll of enchant weapon {unknown}
 o - a scroll of teleportation {unknown}
 s - a scroll of magic mapping {unknown}
 t - a scroll of fear {unknown}
 u - a scroll of fog {unknown}
Potions
 c - a potion of attraction {unknown}
 f - a potion of flight {unknown}
 g - a potion of brilliance
 r - a potion of magic {unknown}


   Skills:
 + Level 4.4 Dodging
 + Level 4.1 Stealth
 + Level 3.5 Spellcasting
 + Level 6.3 Summonings


You had 5 spell levels left.
You knew the following spells:

 Your Spells              Type           Power      Damage    Failure   Level
a - Summon Small Mammal   Summ           96%        N/A       1%          1
b - Call Canine Familiar  Summ           24%        N/A       3%          3
c - Summon Guardian Gole  Hex/Summ       13%        N/A       14%         3

Your spell library contained the following spells:

 Spells                   Type           Power      Damage    Failure   Level
 Call Imp                 Summ           24%        N/A       1%          2
 Summon Lightning Spire   Summ/Air       13%        N/A       41%         4


Dungeon Overview and Level Annotations

Branches:
Dungeon (4/15)
 Temple: D:4-7

Altars:
Ashenzari
Nemelex Xobeh
Sif Muna
Yredelemnul


Innate Abilities, Weirdness & Mutations

You have a beak for a mouth.
You have claws for feet.
Your magical nature lets you fly swiftly and evasively.


Message History

Reach: m) +0 spear
Press: ? - help, Dir - move target, f/p - orc
Aim: an orc, wielding a +0 hand axe and wearing a +0 scale mail (severely wounded, ally target, about 36% to evade your +0 spear)
You could not reach far enough!
Your hound closely misses the orc.
The orc barely misses your hound.
The orc hits your guardian golem with a +0 hand axe.
Your hound bites the orc.
The orc dies!
Your guardian golem overheats!
Reach: m) +0 spear
Press: ? - help, Dir - move target, f/p - orc
Aim: an orc, wielding a +0 hand axe and wearing a +0 scale mail (severely wounded, ally target, about 36% to evade your +0 spear)
You could not reach far enough!
The orc barely misses your guardian golem.
The orc barely misses your hound.
Your hound bites the orc but does no damage.
The orc hits your hound with a +0 morningstar!
Your hound dies!
Your hound's corpse disappears in a puff of smoke!
Flame seeps out of your guardian golem.
The orc priest mumbles some strange prayers to Beogh against you.
Beogh smites you!
The orc hits your guardian golem with a +0 hand axe.
Flame seeps out of your guardian golem.
The orc completely misses your guardian golem.
Your guardian golem is engulfed in blazing flames.
Flame seeps out of your guardian golem.
The orc hits your guardian golem but does no damage.
Your guardian golem is engulfed in blazing flames.
Your guardian golem disappears in a puff of smoke!
Your guardian golem explodes!
The fiery explosion engulfs the orc!
The orc dies!
Unknown command.
Casting: Summon Guardian Golem (quite dangerous; 14% risk of failure)
Confirm with . or Enter, or press ? or * to list all spells.
You swap places.
The orc priest calls down the wrath of Beogh upon you.
Beogh smites you!
You die...

..# #...# ...........# ..#
#...# .(.........#
..####...# ...........#
.........## .......)...#
..........# ...........#
..........# ........)).#
..........# #########'##
....o.###.################.#
........))o§.§h.@.........>#
..########o######'########.#
.$# #.# #..§.......##.# ..#
#.. #..§.......##.# ..#
##.##..........##.# .##
..####'########.# . #.#
#.########.# .# #........#.#
#........#.#


You could see an orc priest, an orc (ally target) and a friendly hound
(summoned).

Vanquished Creatures
  An adder (D:3)
  A dart slug (D:2)
  2 bats
  An endoplasm (D:1)
  2 goblins
  3 hobgoblins
  A jackal (D:2)
  5 kobolds
  3 ball pythons
  A frilled lizard (D:2)
  3 rats
23 creatures vanquished.

Vanquished Creatures (collateral kills)
  Sigmund (D:3)
  A phantom (D:4)
  An orc priest (D:3)
  An orc wizard (D:4)
  A howler monkey skeleton (D:4)
  2 adders (D:2)
  An adder skeleton (D:4)
  A dart slug (D:1)
  8 orcs
  A ball python (D:3)
  2 bats (D:1)
  2 endoplasms
  A giant cockroach (D:1)
  2 goblins
  2 hobgoblins
  2 jackals (D:2)
  6 kobolds
  2 quokkas (D:1)
  2 frilled lizards
  2 rats
41 creatures vanquished.

Vanquished Creatures (others)
  4 orcs (D:4)
4 creatures vanquished.

Grand Total: 68 creatures vanquished

Notes
Turn   | Place    | Note
-------+----------+-------------------------------------------
     0 | D:1      | themarg the Tengu Summoner began the quest for the Orb.
     0 | D:1      | Reached XP level 1. HP: 10/10 MP: 4/4
   155 | D:1      | Reached XP level 2. HP: 9/15 MP: 3/6
   310 | D:1      | Reached skill level 5 in Summonings
  1176 | D:1      | Reached XP level 3. HP: 12/19 MP: 5/7
  1950 | D:2      | Reached XP level 4. HP: 24/24 MP: 5/8
  2548 | D:2      | Learned a level 3 spell: Call Canine Familiar
  2805 | D:3      | Found a broken altar of Ashenzari.
  2827 | D:3      | Found a basalt altar of Yredelemnul.
  2846 | D:3      | Found a sparkling altar of Nemelex Xobeh.
  3051 | D:3      | Noticed Sigmund
  3110 | D:3      | Learned a level 3 spell: Summon Guardian Golem
  3157 | D:3      | Gained mutation: Your magical nature lets you fly swiftly
                  | and evasively. [Tengu growth]
  3157 | D:3      | Reached XP level 5. HP: 4/28 MP: 5/10
  3472 | D:3      | Killed Sigmund
  3473 | D:3      | Reached skill level 6 in Summonings
  3473 | D:3      | Reached XP level 6. HP: 19/32 MP: 0/11
  3806 | D:3      | Found a shimmering blue altar of Sif Muna.
  4674 | D:4      | Killed from afar by an orc priest

Illustrated notes

Levels and vault maps discovered:
D:1:      onia_arrival_handbag, layout_loops_corners
D:2:      layout_rooms, minmay_pentomino_p4
D:3:      layout_basic, nicolae_overflow_quartered_altars, uniq_sigmund
D:4:      cheibrodos_pilgrimage, layout_basic, nicolae_gozag_zags_fifth_avenue,
          uniq_pikel, uniq_duvessa

Skill      XL: |  1  2  3  4  5  6 |
---------------+-------------------+-----
Summonings     | 5 6 |  6.3
Dodging        | 3 4 |  4.4
Stealth        | 3 4 |  4.1
Spellcasting   | 3 |  3.5

Action                   |  1- 3 |  4- 6 || total
-------------------------+-------+-------++-------
Melee: Unarmed           |     8 |       ||     8
       Kick              |    10 |     6 ||    16
       Peck              |     4 |     2 ||     6
       Falchion          |    26 |    10 ||    36
       Whip              |     3 |       ||     3
       Spear             |       |    40 ||    40
       Punch             |       |     1 ||     1
 Cast: Summon Small Mamm |    46 |    16 ||    62
       Call Canine Famil |       |    15 ||    15
       Summon Guardian G |       |     5 ||     5
 Stab: Distracted        |     1 |     1 ||     2
       Sleeping          |       |     1 ||     1
Armor: Robe              |     6 |     2 ||     8
Dodge: Dodged            |    34 |    30 ||    64
